 Dungeon Crawl Stone Soup version 0.30-a0-760-g5a9884bb7c (webtiles) character file.

Game seed: 12388050170937247214

578 Kenran the Cudgeller (level 7, -4/72 HPs)
             Began as a Gnoll Chaos Knight on Feb 11, 2023.
             Was a Plaything of Xom.
             Slain by a sixfirhy (11 damage)
             ... summoned by Xom
             ... on level 5 of the Dungeon.
             The game lasted 00:07:01 (3646 turns).

Kenran the Cudgeller (Gnoll Chaos Knight)           Turns: 3646, Time: 00:07:02

Health: -4/72      AC:  8    Str: 13    XL:     7   Next: 35%
Magic:  10/10      EV: 12    Int: 11    God:    Xom [......]
Gold:   258        SH:  0    Dex: 10    Spells: 11/11 levels left

rFire   . . .      SeeInvis +    A - +5 mace of Irritation {freeze, rPois rC++ rCorr SInv}
rCold   + + .      Faith    .    (no shield)
rNeg    . . .      Spirit   .    b - +3 leather armour
rPois   +          Reflect  .    (no helmet)
rElec   .          Harm     .    (no cloak)
rCorr   +          Rampage  .    x - +1 Delatra's gloves {ID++}
Will    .....                    (no boots)
Stlth   ++                       (no amulet)
HPRegen 0.32/turn                q - ring of flight
MPRegen 0.12/turn                u - ring of poison resistance

@: flying
A: fangs 1, strong nose, distributed training, see invisible, clumsy 1, poison
resistance, robust 2
a: Renounce Religion


You were on level 5 of the Dungeon.
You worshipped Xom.
You were a very special plaything of Xom.
You visited 1 branch of the dungeon, and saw 5 of its levels.

You collected 258 gold pieces.

Inventory:

Hand Weapons
 A - the +5 mace of Irritation (weapon) {freeze, rPois rC++ rCorr SInv}
   (You found it on level 4 of the Dungeon)

   rC:        It greatly protects you from cold.
   rPois:     It protects you from poison.
   SInv:      It lets you see invisible.
   rCorr:     It protects you from acid and corrosion.
Missiles
 y - 2 throwing nets
Armour
 b - a +3 leather armour (worn)
 x - the +1 Delatra's gloves (worn) {ID++}
   (You found it on level 3 of the Dungeon)

   ID++:      It heals its wearer when they drink unknown potions, and restores
   their MP when they read unknown scrolls.
Jewellery
 a - a ring of protection from cold
 q - a ring of flight (left hand)
 u - a ring of poison resistance (right hand)
Wands
 l - a wand of charming (2)
Scrolls
 d - a scroll of enchant armour
 e - 2 scrolls of blinking
 j - a scroll of silence
 k - a scroll of noise {!r}
 o - 2 scrolls of fear
 p - a scroll of teleportation
 s - a scroll of brand weapon {unknown}
 t - a scroll of vulnerability {!r}
 z - a scroll of magic mapping
Potions
 f - a potion of magic {unknown}
 h - a potion of might {unknown}
 i - 6 potions of curing {@q1}
 m - a potion of degeneration {unknown}
 n - a potion of resistance {unknown}
 r - a potion of heal wounds {unknown}
 v - a potion of attraction {unknown}
 w - 3 potions of flight
 B - a potion of lignification {unknown}
Miscellaneous
 c - a piece from Xom's chessboard (15/15) (quivered)


   Skills:
 + Level 7.0 Fighting
 + Level 2.5 Short Blades
 + Level 2.5 Long Blades
 + Level 2.5 Axes
 + Level 7.0 Maces & Flails
 + Level 2.5 Polearms
 + Level 2.5 Staves
 + Level 2.5 Ranged Weapons
 + Level 2.5 Throwing
 + Level 5.2 Armour
 + Level 3.6 Dodging
 + Level 2.5 Stealth
 + Level 2.5 Shields
 + Level 2.5 Unarmed Combat
 + Level 2.5 Spellcasting
 + Level 2.0 Conjurations
 + Level 2.0 Hexes
 + Level 2.0 Summonings
 + Level 2.0 Necromancy
 + Level 2.0 Translocations
 + Level 2.0 Transmutations
 + Level 2.0 Fire Magic
 + Level 2.0 Ice Magic
 + Level 2.0 Air Magic
 + Level 2.0 Earth Magic
 + Level 2.0 Poison Magic
 + Level 2.8 Invocations
 + Level 2.5 Evocations


You had 11 spell levels left.
You didn't know any spells.
Your spell library contained the following spells:

 Spells                   Type           Power      Damage    Failure   Level
 Ensorcelled Hibernation  Hex/Ice        10%        N/A       22%         2
 Spider Form              Tmut/Pois      5%         N/A       41%         3
 Anguish                  Hex/Necr       2%         N/A       82%         4


Dungeon Overview and Level Annotations

Branches:
Dungeon (5/15)
 Temple: D:4-7

Altars:
Makhleb
Okawaru
Uskayaw
Xom

Shops:
D:1 :


Innate Abilities, Weirdness & Mutations

You have very sharp teeth.
Your uncanny sense of smell can sniff out nearby items.
Your experience applies equally to all skills.
You have supernaturally acute eyesight. (SInv)
You are clumsy. (Dex -2)
Your system is resistant to poisons. (rPois)
You are very robust. (+20% HP)


Message History

The orc hits you with a +0 dagger.
You sock the orc! You freeze the orc.
You kill the orc!
A hound comes into view.
The orc closely misses you.
You barely miss the orc. The orc closely misses you.
You barely miss the orc. The orc completely misses you.
You sock the orc! You freeze the orc.
You kill the orc!
No target in view!
No target in view!
Items here: )) [ ††. "Fight to survive, mortal."
The ufetubus attacks as you move away! The ufetubus barely misses you.
The ufetubus closely misses you.
You hit the quasit. You freeze the quasit.
The quasit is moderately wounded.
You closely miss the quasit.
The quasit is moderately wounded.
The sixfirhy barely misses you.
The sixfirhy hits you but does no damage.
You barely miss the sixfirhy. You miss the sixfirhy. You hit the sixfirhy.
You freeze the sixfirhy.
The sixfirhy is lightly wounded.
The sixfirhy hits you. The sixfirhy shocks you!
The sixfirhy closely misses you. The sixfirhy hits you.
The sixfirhy shocks you! The sixfirhy hits you. The sixfirhy shocks you!
You are too injured to fight recklessly!
You are too injured to fight recklessly!
You are too injured to fight recklessly!
You sock the sixfirhy! You freeze the sixfirhy.
The sixfirhy is moderately wounded.
The sixfirhy closely misses you. The sixfirhy hits you.
The sixfirhy shocks you!
* * * LOW HITPOINT WARNING * * *
The sixfirhy hits you!
* * * LOW HITPOINT WARNING * * *
The sixfirhy shocks you!
You die...

#.....# #.# #......
#.# #.....## #.#
#.....##.#.#
#.....##.#.###
#.....##.....
#.....###5#####.#
#.)).....53@....#
#..)..###.##.......
#.....# #..........
#.....# ####.......
#.....#### ##....#
#.......<# ....#
∆#........# ....
#........# ....
#####....#


You could see a sixfirhy (summoned), a quasit (summoned) and an ufetubus
(summoned).

Vanquished Creatures
  A black bear (D:4)
  A phantom (D:4)
  A hound (D:4)
  A gnoll bouda (D:4)
  3 orc priests
  An iguana (D:4)
  3 orc wizards
  6 adders
  3 gnolls (D:4)
  A dart slug (D:3)
  15 orcs
  5 endoplasms
  3 giant cockroaches
  6 goblins
  7 hobgoblins
  3 jackals (D:4)
  5 kobolds
  5 ball pythons
  3 bats
  4 frilled lizards
  3 rats
80 creatures vanquished.

Notes
Turn   | Place    | Note
-------+----------+-------------------------------------------
     0 | D:1      | Kenran the Gnoll Chaos Knight began the quest for the Orb.
     0 | D:1      | Reached XP level 1. HP: 23/23 MP: 1/1
   178 | D:1      | Reached XP level 2. HP: 29/29 MP: 2/2
   230 | D:1      | Found Ecvesu Naept's Book Shoppe.
   294 | D:1      | Found a faded altar of an unknown god.
   316 | D:1      | XOM: divination: magic mapping
   453 | D:1      | XOM: cloud trail
   500 | D:1      | XOM: silly message
   558 | D:2      | XOM: god gift: ivory wand {god gift}
   570 | D:2      | XOM: noise
   757 | D:2      | XOM: scenery: summon butterflies
   921 | D:2      | XOM: give mutations
   921 | D:2      | Gained mutation: You possess an exceptional clarity of
                  | mind. [Xom's grace]
   921 | D:2      | Gained mutation: You are robust. (+10% HP) [Xom's grace]
  1075 | D:3      | Found an iron altar of Okawaru.
  1076 | D:3      | Found a burning altar of Makhleb.
  1110 | D:3      | Reached XP level 3. HP: 38/38 MP: 2/4
  1223 | D:3      | Found a shimmering altar of Xom.
  1251 | D:3      | Reached skill level 1 in Invocations
  1473 | D:3      | XOM: divination: magic mapping
  1705 | D:3      | Reached skill level 1 in Short Blades
  1705 | D:3      | Reached skill level 1 in Long Blades
  1705 | D:3      | Reached skill level 1 in Axes
  1705 | D:3      | Reached skill level 1 in Polearms
  1705 | D:3      | Reached skill level 1 in Staves
  1705 | D:3      | Reached skill level 1 in Ranged Weapons
  1705 | D:3      | Reached skill level 1 in Throwing
  1705 | D:3      | Reached skill level 1 in Stealth
  1705 | D:3      | Reached skill level 1 in Shields
  1705 | D:3      | Reached skill level 1 in Unarmed Combat
  1705 | D:3      | Reached skill level 1 in Spellcasting
  1705 | D:3      | Reached skill level 1 in Evocations
  1742 | D:3      | XOM: enchant monster (bad)
  1748 | D:3      | Reached XP level 4. HP: 45/45 MP: 5/5
  1772 | D:3      | Found the +1 Delatra's gloves {ID++}
  1776 | D:3      | XOM: silly message
  1781 | D:3      | Reached skill level 1 in Conjurations
  1781 | D:3      | Reached skill level 1 in Hexes
  1781 | D:3      | Reached skill level 1 in Summonings
  1781 | D:3      | Reached skill level 1 in Necromancy
  1781 | D:3      | Reached skill level 1 in Translocations
  1781 | D:3      | Reached skill level 1 in Transmutations
  1781 | D:3      | Reached skill level 1 in Fire Magic
  1781 | D:3      | Reached skill level 1 in Ice Magic
  1781 | D:3      | Reached skill level 1 in Air Magic
  1781 | D:3      | Reached skill level 1 in Earth Magic
  1781 | D:3      | Reached skill level 1 in Poison Magic
  2278 | D:4      | Reached XP level 5. HP: 51/51 MP: 7/7
  2596 | D:4      | Found a hide-covered altar of Uskayaw.
  2652 | D:4      | Identified the +5 mace of Irritation {freeze, rPois rC++
                  | rCorr SInv}
  2672 | D:4      | Reached XP level 6. HP: 58/58 MP: 8/8
  2835 | D:4      | Noticed a black bear
  2849 | D:4      | Killed a black bear
  2850 | D:4      | Reached skill level 5 in Armour
  3063 | D:4      | XOM: give mutations
  3063 | D:4      | Gained mutation: You are strong-willed. (Will+) [Xom's
                  | grace]
  3063 | D:4      | Gained mutation: You are very robust. (+20% HP) [Xom's
                  | grace]
  3063 | D:4      | Gained mutation: Your system is resistant to poisons.
                  | (rPois) [Xom's grace]
  3063 | D:4      | Gained mutation: You have supernaturally acute eyesight.
                  | (SInv) [Xom's grace]
  3147 | D:4      | Reached XP level 7. HP: 67/72 MP: 10/10
  3180 | D:4      | XOM: scenery: 1 doors open
  3326 | D:4      | XOM: give mutations
  3326 | D:4      | Lost mutation: You possess an exceptional clarity of mind.
                  | [Xom's mischief]
  3326 | D:4      | Lost mutation: You are strong-willed. (Will+) [Xom's
                  | mischief]
  3326 | D:4      | Gained mutation: You are clumsy. (Dex -2) [Xom's mischief]
  3617 | D:5      | Entered Level 5 of the Dungeon
  3638 | D:5      | XOM: summons 4 hostile demons
  3639 | D:5      | Noticed a sixfirhy
  3646 | D:5      | Slain by a sixfirhy

Illustrated notes

Levels and vault maps discovered:
D:1:      dpeg_arrival_solitude, layout_basic, serial_shops, shop,
          hellmonk_ecumenical_altar_arch_garden, minmay_bisected
D:2:      layout_loops_ring
D:3:      layout_loops_corners, lemuel_crystal_altar,
          mainiacjoe_overflow_divided_tiny, minmay_door_square,
          chequers_decorated_corner, pf_guarded_unrand_delatra
D:4:      layout_gridville, mainiacjoe_overflow_six_doors_small,
          dreamdust_wishing_well
D:5:      layout_basic, fedhas_altar_1, led_sif_pool, serial_shops, shop,
          uniq_ijyb, uniq_grinder, uniq_eustachio, uniq_blork_the_orc

Skill      XL: |  1  2  3  4  5  6  7 |
---------------+----------------------+-----
Invocations    | 1 2 |  2.8
Short Blades   | 1 2 |  2.5
Long Blades    | 1 2 |  2.5
Axes           | 1 2 |  2.5
Polearms       | 1 2 |  2.5
Staves         | 1 2 |  2.5
Ranged Weapons | 1 2 |  2.5
Throwing       | 1 2 |  2.5
Stealth        | 1 2 |  2.5
Shields        | 1 2 |  2.5
Unarmed Combat | 1 2 |  2.5
Spellcasting   | 1 2 |  2.5
Evocations     | 1 2 |  2.5
Conjurations   | 1 2 |  2.0
Hexes          | 1 2 |  2.0
Summonings     | 1 2 |  2.0
Necromancy     | 1 2 |  2.0
Translocations | 1 2 |  2.0
Transmutations | 1 2 |  2.0
Fire Magic     | 1 2 |  2.0
Ice Magic      | 1 2 |  2.0
Air Magic      | 1 2 |  2.0
Earth Magic    | 1 2 |  2.0
Poison Magic   | 1 2 |  2.0
Dodging        | 3 |  3.6
Armour         | 5 |  5.2
Fighting       | 7 |  7.0
Maces & Flails | 7 |  7.0

Action                     |  1- 3 |  4- 6 |  7- 9 || total
---------------------------+-------+-------+-------++-------
  Melee: Mace              |    81 |   143 |    27 ||   251
         Bite              |     9 |    17 |     3 ||    29
         Punch             |       |     1 |     1 ||     2
  Evoke: Piece from Xom's  |       |     1 |       ||     1
    Use: Scroll            |     3 |       |     6 ||     9
         Potion            |       |       |     1 ||     1
   Stab: Sleeping          |     2 |     3 |       ||     5
 Armour: Leather armour    |    22 |    51 |     9 ||    82
  Dodge: Dodged            |    40 |    81 |    19 ||   140

Table legend: (Time is in decaauts)
 A = Elapsed time spent in this place.
 B = Non-inter-level travel time spent in this place.
 C = Inter-level travel time spent in this place.
 D = Time resting spent in this place.
 E = Time spent auto-exploring this place.
 F = Levels seen in this place.
 G = Mean time per level.
                   A        B        C        D        E       F      G
               +--------+--------+--------+--------+--------+-----+--------+
         Total |   3659 |   3514 |    145 |    106 |   2563 |   5 |  731.8 |
       Dungeon |   3659 |   3514 |    145 |    106 |   2563 |   5 |  731.8 |
               +--------+--------+--------+--------+--------+-----+--------+

Top non-repeatable levels by time:
     D:4: 1382 daAuts
     D:3: 1181 daAuts
     D:2: 538 daAuts
     D:1: 527 daAuts
     D:5: 29 daAuts
